 Dungeon Crawl Stone Soup version 0.26-a0-958-gf3041fb45f (webtiles) character file.

Game seed: 10181760880157309925

11055 marklar909 the Basher (level 11, -15/105 HPs)
             Began as a Troll Monk on Nov 30, 2020.
             Was a High Priest of Okawaru.
             Demolished by a cane toad (22 damage)
             ... on level 3 of the Lair of Beasts.
             The game lasted 00:24:34 (11568 turns).

marklar909 the Basher (Troll Monk)                 Turns: 11568, Time: 00:24:35

Health: -15/105    AC: 10    Str: 22    XL:     11   Next: 44%
Magic:  0/14       EV: 19    Int:  6    God:    Okawaru [*****.]
Gold:   964        SH:  0    Dex: 14    Spells: 10/10 levels left

rFire    . . .     SeeInvis +   a - +1 giant spiked club
rCold    + . .     Faith    .   (shield currently unavailable)
rNeg     . . .     Spirit   +   I - +2 robe {MR+}
rPois    .         Reflect  .   Q - +2 hat {SInv}
rElec    .         Harm     .   (no cloak)
rCorr    .         Rampage  .   (gloves unavailable)
MR       +....                  (boots unavailable)
Stlth    ++........             M - amulet of guardian spirit
HPRegen  0.67/turn              r - ring of protection from cold
MPRegen  0.14/turn              u - +4 ring of evasion

@: no status effects
A: large, unfitting armour, claws 3, regeneration 1, shaggy fur 1, tough skin 3
a: Heroism, Finesse, Renounce Religion


You were on level 3 of the Lair of Beasts.
You worshipped Okawaru.
Okawaru was extremely pleased with you.
You visited 2 branches of the dungeon, and saw 13 of its levels.

You collected 964 gold pieces.

Inventory:

Hand Weapons
 a - a +1 giant spiked club (weapon)
 b - a +1 whip of flaming
Missiles
 v - 6 javelins
 H - 9 boomerangs (quivered)
 P - 3 large rocks
 S - a throwing net
Armour
 E - a +1 robe of fire resistance
 I - a +2 robe of magic resistance (worn)
 K - the +1 robe of the Pleiades {Str+7}
   (Okawaru gifted it to you on level 9 of the Dungeon)

   It affects your strength (+7).
 Q - a +2 hat of see invisible (worn)
Jewellery
 l - an uncursed ring of magical power
 r - a ring of protection from cold (left claw)
 u - a +4 ring of evasion (right claw)
 M - an amulet of guardian spirit (around neck)
 O - an uncursed amulet of reflection {unknown}
Wands
 y - a wand of paralysis (16)
 D - a wand of enslavement (8)
 F - a wand of random effects (26)
 G - a wand of disintegration (13)
 N - a wand of flame (48)
 T - a wand of acid (8)
Scrolls
 d - 6 scrolls of remove curse
 e - 3 scrolls of amnesia
 f - 4 scrolls of magic mapping
 g - 2 scrolls of blinking
 o - a scroll of noise {unknown}
 t - a scroll of immolation {unknown}
 w - 4 scrolls of teleportation
 x - a scroll of torment {unknown}
 B - 2 scrolls of enchant armour
 J - a scroll of fog {unknown}
 L - 3 scrolls of random uselessness {unknown}
 R - 2 scrolls of identify
Potions
 c - a potion of brilliance
 h - 2 potions of resistance {unknown}
 i - 2 potions of cancellation
 j - 4 potions of lignification
 k - 3 potions of curing
 m - 3 potions of mutation
 n - a potion of heal wounds
 p - 2 potions of invisibility
 s - 3 potions of attraction {unknown}
 z - a potion of magic {unknown}
 A - a potion of berserk rage
 C - 3 potions of flight {unknown}
Miscellaneous
 q - a box of beasts


   Skills:
 + Level 5.8 Fighting
 + Level 10.2 Maces & Flails
 * Level 4.1 Throwing
 * Level 8.7 Dodging
 + Level 2.3 Stealth
 + Level 6.2 Invocations


You had 10 spell levels left.
You didn't know any spells.
Your spell library contained the following spells:

 Spells                   Type           Power        Failure   Level
 Animate Skeleton         Necr           #.....       45%         1
 Apportation              Tloc           #.....       45%         1
 Corona                   Hex            #......      45%         1
 Sandblast                Erth           #.....       45%         1
 Summon Small Mammal      Summ           #...         45%         1
 Passwall                 Tmut/Erth      #.......     58%         2
 Stone Arrow              Conj/Erth      #.....       83%         3
 Cause Fear               Hex            #.........   99%         4
 Petrify                  Tmut/Erth      #.......     99%         4
 Lee's Rapid Deconstruct  Erth           #.........   100%        5
 Silence                  Hex/Air        #.........   100%        5
 Yara's Violent Unravell  Hex/Tmut       #.........   100%        5
 Discord                  Hex            #.........   100%        8


Dungeon Overview and Level Annotations

Branches:
Dungeon (10/15)            Temple (0/1) D:6            Lair (3/6) D:8
    Orc (0/2) D:9
  Swamp: Lair:2-4    Shoals: Lair:2-4     Snake: Lair:2-4    Spider: Lair:2-4

Altars:
Cheibriados
Dithmenos
Elyvilon
Fedhas
Gozag
Hepliaklqana
Kikubaaqudgha
Nemelex Xobeh
Okawaru
Qazlal
Ru
Sif Muna
Yredelemnul
Zin

Shops:
D:5 [   D:9 =

Annotations:
D:6 1 runed translucent door, Crazy Yiuf


Innate Abilities, Weirdness & Mutations

You are too large for most types of armour.
You have claws for hands.
Your natural rate of healing is unusually fast.
You are covered in fur. (AC +1)
You have extremely tough skin. (AC +3)


Message History

You see here a cane toad corpse.
You barely miss the cane toad. The cane toad misses you.
The cane toad barely misses you.
You hit the cane toad but do no damage. The cane toad stings you!!
* * * LOW HITPOINT WARNING * * *
You are poisoned.
The cane toad poisons you!
You sock the cane toad!
The cane toad is moderately wounded.
You feel sick. The cane toad stings you!
* * * LOW HITPOINT WARNING * * *
The cane toad closely misses you.
You barely miss the cane toad.
The cane toad is moderately wounded.
You feel sick. The cane toad closely misses you.
Unknown command.
You feel better. The cane toad stings you!
* * * LOW HITPOINT WARNING * * *
The cane toad stings you!!
You die...

.###P..#....# ....#
.......#....# ....
...(........# #..#
.......P....# #..#
.......P....# #..#
............####..# ##
..####............#..#
....)................#..
................@F....#
........................
######..#.##.#PP##.#####
####.####### .# ### ##


You could see a cane toad.

Vanquished Creatures
  Erica (D:9)
  Pikel (D:6)
  2 black mambas
  7 cane toads
  3 komodo dragons
  A wyvern (Lair:1)
  5 yaks (Lair:2)
  6 water moccasins
  2 sky beasts
  4 ice beasts
  A black bear (D:10)
  6 orc warriors
  2 phantoms
  4 ogres
  A centaur (D:8)
  7 wolves
  9 bullfrogs
  3 scorpions
  8 killer bees (D:7)
  A centaur zombie (D:8)
  2 bullfrog zombies
  A quasit (D:6)
  11 orc priests
  2 bullfrog skeletons
  2 jellies (D:5)
  2 hounds
  2 centaur skeletons
  Ijyb (D:3)
  3 iguanas
  4 worker ants
  4 orc wizards
  Natasha (thrice) (D:2)
  A worker ant zombie (D:5)
  4 gnolls (D:7)
  11 adders
  2 shadow imps
  3 white imps
  2 ufetubi
  An ooze (D:3)
  An adder skeleton (D:4)
  2 worms
  10 dart slugs
  4 leopard geckos
  40 orcs
  6 giant cockroaches
  5 goblins
  9 hobgoblins
  A ball python (D:1)
  7 bats
  8 frilled lizards
  A giant cockroach zombie (D:5)
  6 kobolds
  A leopard gecko skeleton (D:8)
  A leopard gecko zombie (D:8)
  11 rats
248 creatures vanquished.

Vanquished Creatures (others)
  A fungus (Lair:3)
  10 plants
11 creatures vanquished.

Grand Total: 259 creatures vanquished

Notes
Turn   | Place    | Note
-------+----------+-------------------------------------------
     0 | D:1      | marklar909 the Troll Monk began the quest for the Orb.
     0 | D:1      | Reached XP level 1. HP: 22/22 MP: 0/0
   113 | D:1      | Reached XP level 2. HP: 29/29 MP: 1/1
   337 | D:1      | Reached skill level 3 in Maces & Flails
   590 | D:2      | Reached XP level 3. HP: 28/36 MP: 2/2
   776 | D:2      | Noticed Natasha
   790 | D:2      | Killed Natasha
   864 | D:2      | Noticed Natasha
   874 | D:2      | Killed Natasha
   875 | D:2      | Reached XP level 4. HP: 39/44 MP: 3/3
   932 | D:2      | Found an iron altar of Okawaru.
  1138 | D:2      | Noticed Natasha
  1151 | D:2      | Killed Natasha
  1321 | D:2      | Reached skill level 4 in Maces & Flails
  1601 | D:2      | Became a worshipper of Warmaster Okawaru
  1601 | D:2      | Reached * piety under Okawaru
  1601 | D:2      | Reached ** piety under Okawaru
  1696 | D:3      | Reached XP level 5. HP: 53/53 MP: 4/4
  2009 | D:3      | Found a sparkling altar of Nemelex Xobeh.
  2009 | D:3      | Found an opulent altar of Gozag.
  2205 | D:3      | Noticed Ijyb
  2230 | D:3      | Killed Ijyb
  2697 | D:4      | Reached skill level 1 in Invocations
  2697 | D:4      | Reached XP level 6. HP: 61/61 MP: 5/5
  3373 | D:5      | Entered Level 5 of the Dungeon
  3552 | D:5      | Reached skill level 5 in Maces & Flails
  3552 | D:5      | Reached XP level 7. HP: 57/67 MP: 7/7
  3575 | D:5      | Found a snail-covered altar of Cheibriados.
  3740 | D:5      | Reached *** piety under Okawaru
  3780 | D:5      | Found Nemmem's Antique Armour Boutique.
  4063 | D:5      | Found a basalt altar of Yredelemnul.
  4148 | D:5      | Reached XP level 8. HP: 76/76 MP: 9/9
  4202 | D:5      | Reached skill level 6 in Maces & Flails
  4202 | D:5      | Reached skill level 5 in Dodging
  4230 | D:5      | Found a sacrificial altar of Ru.
  4377 | D:6      | Found a staircase to the Ecumenical Temple.
  4537 | D:6      | Noticed Pikel
  4578 | D:6      | Killed Pikel
  4578 | D:6      | Reached **** piety under Okawaru
  4704 | D:6      | Reached skill level 7 in Maces & Flails
  4909 | D:6      | Found a runed translucent door.
  4910 | D:6      | Noticed Crazy Yiuf
  5206 | D:7      | Reached XP level 9. HP: 63/84 MP: 9/11
  5714 | D:8      | Reached ***** piety under Okawaru
  6020 | D:7      | Reached skill level 5 in Invocations
  6270 | D:8      | Found a white marble altar of Elyvilon.
  6308 | D:8      | Reached skill level 1 in Throwing
  6373 | D:8      | Found a shimmering blue altar of Sif Muna.
  6459 | D:8      | Found an ancient bone altar of Kikubaaqudgha.
  6486 | D:8      | Found a blossoming altar of Fedhas.
  6496 | D:8      | Reached skill level 8 in Maces & Flails
  6516 | D:8      | Found a staircase to the Lair.
  6849 | D:8      | Found a hazy altar of Hepliaklqana.
  6938 | D:9      | You fall into a shaft and drop 1 floor!
  6938 | D:10     | Entered Level 10 of the Dungeon
  7101 | D:10     | Reached XP level 10. HP: 91/94 MP: 12/12
  7226 | D:9      | Found a stormy altar of Qazlal.
  7227 | D:9      | Found a glowing silver altar of Zin.
  7266 | D:9      | Noticed Erica
  7281 | D:9      | Killed Erica
  7281 | D:9      | Received a gift from Okawaru
  7282 | D:9      | Reached skill level 5 in Fighting
  7284 | D:9      | Got a slimy robe {god gift}
  7285 | D:9      | Identified the +1 robe of the Pleiades {Str+7} (Okawaru
                  | gifted it to you on level 9 of the Dungeon)
  7368 | D:9      | Found Dygi's Jewellery Shop.
  7522 | D:9      | Found a shadowy altar of Dithmenos.
  7994 | D:9      | Found a staircase to the Orcish Mines.
  8279 | D:10     | Noticed an ice dragon
  8290 | D:10     | Noticed a green ugly thing
  8502 | Lair:1   | Entered Level 1 of the Lair of Beasts
  8567 | Lair:1   | Noticed a cane toad
  8572 | Lair:1   | Killed a cane toad
  8573 | Lair:1   | Reached skill level 9 in Maces & Flails
  8598 | Lair:1   | Noticed a cane toad
  8602 | Lair:1   | Killed a cane toad
  8668 | Lair:1   | Noticed a cane toad
  8691 | Lair:1   | Killed a cane toad
  9059 | Lair:1   | Noticed a black mamba
  9074 | Lair:1   | Killed a black mamba
  9179 | Lair:1   | Noticed a cane toad
  9202 | Lair:1   | Killed a cane toad
  9748 | Lair:1   | Noticed a cane toad
  9761 | Lair:1   | Killed a cane toad
  9762 | Lair:1   | Reached XP level 11. HP: 50/104 MP: 14/14
 10506 | Lair:2   | Received a gift from Okawaru
 11185 | Lair:3   | Reached skill level 10 in Maces & Flails
 11568 | Lair:3   | Demolished by a cane toad

Illustrated notes

Levels and vault maps discovered:
D:1:      minmay_arrival_solitary_statue, layout_loops_cross
D:2:      layout_basic, lemuel_round_altar, serial_bayou_lake_a, uniq_natasha
D:3:      layout_loops_corners, grunt_temple_overflow_opulence,
          grunt_ministairs_9, uniq_ijyb
D:4:      kennysheep_slugbush, layout_loops_cross
D:5:      layout_cave_pools, general_overflow_altar,
          nicolae_overflow_crystal_walls, basic_altar, serial_shops,
          nicolae_shop_behind_doors
D:6:      layout_gridville, minmay_temple_entry_enclosed_plants,
          corexii_item_surrounded_by_moat, uniq_pikel, uniq_crazy_yiuf_cottage
D:7:      layout_basic
D:8:      layout_gridville, elyvilon_altar_1, old_standard_altar,
          kennysheep_little_box, led_sif_pool, lemuel_doored_altar,
          lair_entry_dummy, minmay_hedge_maze, nicolae_wwwww
D:9:      layout_stronghold, nicolae_dithmenos_the_darkroom,
          lemuel_crystal_altar, nicolae_qazlal_general_emergency,
          hiddenorc2_lemuel, serial_shops, nicolae_shop_waterfront, uniq_erica
D:10:     minmay_the_grid_net [minmay_the_grid_x, minmay_the_grid_tiny_cups,
          minmay_the_grid_minigrid_medium, minmay_the_grid_outer_diamond,
          minmay_the_grid_spikes, minmay_the_grid_prize_inner_circle],
          layout_loops_ring, grunt_decor_resistance, grunt_ministairs_9,
          serial_bayou_lagoon_a, minmay_misc_feat_enclosed
Lair:1:   layout_hall_layers, minmay_shattered_shrine, serial_bayou_shore_b
Lair:2:   layout_regular_city
Lair:3:   layout_chaotic_city, elwin_shoals_entry_rocks, beast_lair_carwin_9,
          infiniplex_staircase_pool

Skill      XL: |  1  2  3  4  5  6  7  8  9 10 11 |
---------------+----------------------------------+-----
Maces & Flails | 3 4 5 7 8 9 10 | 10.2
Dodging        | 3 4 5 7 8 |  8.7
Fighting       | 3 4 5 |  5.8
Invocations    | 1 2 3 4 5 6 |  6.2
Throwing       | 1 3 4 |  4.1
Stealth        | 2 |  2.3

Action                   |  1- 3 |  4- 6 |  7- 9 | 10-12 || total
-------------------------+-------+-------+-------+-------++-------
Melee: Mace              |    90 |   205 |       |       ||   295
       Flail             |       |    49 |    20 |       ||    69
       Giant club        |       |       |    89 |       ||    89
       Whip              |       |       |   192 |    67 ||   259
       Giant spiked club |       |       |   137 |   247 ||   384
       Punch             |       |       |     1 |       ||     1
Throw: Stone             |       |     5 |       |       ||     5
       Javelin           |       |     2 |    12 |     6 ||    20
       Boomerang         |       |       |     3 |    47 ||    50
Invok: Heroism           |       |     1 |     2 |     3 ||     6
       Finesse           |       |       |       |     1 ||     1
  Use: Scroll            |       |     6 |     8 |     6 ||    20
       Potion            |       |       |     2 |     5 ||     7
 Stab: Sleeping          |     3 |     2 |     2 |     3 ||    10
Armor: Robe              |    37 |    84 |   125 |    69 ||   315
Dodge: Dodged            |    49 |   153 |   457 |   409 ||  1068

Table legend: (Time is in decaauts)
 A = Elapsed time spent in this place.
 B = Non-inter-level travel time spent in this place.
 C = Inter-level travel time spent in this place.
 D = Time resting spent in this place.
 E = Time spent auto-exploring this place.
 F = Levels seen in this place.
 G = Mean time per level.
                   A        B        C        D        E       F      G
               +--------+--------+--------+--------+--------+-----+--------+
         Total |  11823 |  11229 |    594 |   1128 |   7572 |  13 |  909.5 |
       Dungeon |   8736 |   8205 |    531 |    720 |   5406 |  10 |  873.6 |
          Lair |   3086 |   3023 |     63 |    408 |   2166 |   3 | 1028.7 |
               +--------+--------+--------+--------+--------+-----+--------+

Top non-repeatable levels by time:
  Lair:1: 1592 daAuts
     D:9: 1397 daAuts
     D:2: 1097 daAuts
     D:4: 1085 daAuts
  Lair:2: 1015 daAuts
     D:8: 1013 daAuts
     D:3: 962 daAuts
     D:7: 803 daAuts
     D:6: 781 daAuts
     D:5: 781 daAuts
     D:1: 571 daAuts
  Lair:3: 477 daAuts
    D:10: 243 daAuts
